 Dungeon Crawl Stone Soup version 0.19-a0-1091-g463c9de (webtiles) character file.

30 Gorice the Cudgeler (level 3, -1/29 HPs)
             Began as a Demonspawn Abyssal Knight on Aug 7, 2016.
             Was a Believer of Lugonu.
             Slain by an adder (3 damage)
             ... on level 2 of the Dungeon.
             The game lasted 00:03:07 (972 turns).

Gorice the Cudgeler (Demonspawn Abyssal Knight)      Turns: 972, Time: 00:03:09

Health: -1/29      AC:  5    Str: 13    XL:     3   Next: 3%
Magic:  4/4        EV: 11    Int: 13    God:    Lugonu [**....]
Gold:   60         SH:  0    Dex: 12    Spells: 0 memorised, 2 levels left

rFire  . . .     SeeInvis .     a - +1 mace
rCold  . . .     Gourm    .     e - +0 ring mail (curse)
rNeg   . . .     Faith    .     (no shield)
rPois  .         Spirit   .     (no helmet)
rElec  .         Dismiss  .     (no cloak)
rCorr  .         Reflect  .     (no gloves)
SustAt .         Harm     .     (no boots)
MR     .....                    (no amulet)
Stlth  +.........               (no ring)
                                j - +1 ring of evasion

@: lethally poisoned (-1 -> -4)
A: claws 1
a: Depart the Abyss, Bend Space, Renounce Religion


You were on level 2 of the Dungeon.
You worshipped Lugonu.
Lugonu was pleased with you.
You were not hungry.

You visited 1 branch of the dungeon, and saw 2 of its levels.
You visited the Abyss 1 time.

You collected 60 gold pieces.

Inventory:

Hand Weapons
 a - a +1 mace (weapon)
Missiles
 Z - 4 stones (quivered)
Armour
 b - a +0 leather armour
 e - a cursed +0 ring mail (worn)
Jewellery
 j - a +1 ring of evasion (left claw)
Scrolls
 d - 3 scrolls of teleportation {unknown}
 g - 2 scrolls of remove curse {unknown}
 h - 4 scrolls of identify {unknown}
Comestibles
 c - 2 bread rations {!e}
 f - 4 chunks of flesh


   Skills:
 - Level 3.0 Fighting
 * Level 3.2 Maces & Flails
 - Level 1.7 Armour
 - Level 0.8 Dodging
 - Level 2.4 Invocations


You had 2 spell levels left.
You didn't know any spells.

Dungeon Overview and Level Annotations

Branches:
Dungeon (2/15)

Altars:


Innate Abilities, Weirdness & Mutations

You have sharp fingernails.


Message History

You closely miss the adder.
You feel sick. The adder misses you.
Damage: 1 (max 4)
You closely miss the adder. The adder barely misses you. The adder bites you.
Damage: 2 (max 4)
You closely miss the adder.
You feel sick. The adder bites you. The adder closely misses you.
Damage: 3 (max 4)
You hit the adder.
The adder is severely wounded.
The adder bites you. x2
* * * LOW HITPOINT WARNING * * *
Damage: 4 (max 4)
You barely miss the adder.
The adder is severely wounded.
The adder bites you.
* * * LOW HITPOINT WARNING * * *
Damage: 1 (max 4)
You barely miss the adder.
The adder is severely wounded.
You feel sick. The adder bites you but does no damage. The adder bites you.
* * * LOW HITPOINT WARNING * * *
Damage: 4 (max 4)
You barely miss the adder.
The adder is severely wounded.
The adder bites you but does no damage.
You closely miss the adder.
The adder is severely wounded.
The adder bites you.
* * * LOW HITPOINT WARNING * * *
The adder bites you.
* * * LOW HITPOINT WARNING * * *
You are lethally poisoned!
The adder poisons you!
Damage: 4 (max 4)
You closely miss the adder.
The adder is severely wounded.
* * * LOW HITPOINT WARNING * * *
You feel sick. The adder bites you but does no damage.
The adder closely misses you.
Damage: 1 (max 4) Unknown command.
It was a potion of cure mutation.
It has a very clean taste.
The adder bites you.
* * * LOW HITPOINT WARNING * * *
Damage: 1 (max 4)
You hit the adder.
The adder is severely wounded.
* * * LOW HITPOINT WARNING * * *
You feel sick. The adder bites you.
You die...

.#.# .#.# ## ....#
.###### ....## ......#
## ######...... ......+
.. .$.........
......##.####
#..S....$.
......#.....# #.@##
.##..##..##.# #...#
.........##.###.<.#.#
....................#
.................#.##
.....................
..##............(#.....
.................#####.
..##.............#


You could see an adder.

Vanquished Creatures
  2 giant geckos (D:1)
  A ball python (D:1)
  3 giant cockroaches (D:1)
  4 hobgoblins (D:1)
  3 jackals (D:2)
  3 kobolds (D:1)
  4 bats
  2 giant newts (D:1)
  4 rats (D:1)
26 creatures vanquished.

Notes
Turn   | Place    | Note
-------+----------+-------------------------------------------
     0 | Abyss:1  | Gorice the Demonspawn Abyssal Knight began the quest for the Orb.
     0 | Abyss:1  | Reached XP level 1. HP: 18/18 MP: 2/2
    13 | D:1      | Escaped the Abyss
    47 | D:1      | Reached skill level 2 in Maces & Flails
   185 | D:1      | Gained mutation: You have sharp fingernails. [demonic ancestry]
   185 | D:1      | Reached XP level 2. HP: 24/24 MP: 3/3
   463 | D:1      | Reached ** piety under Lugonu
   622 | D:1      | Reached skill level 3 in Maces & Flails
   924 | D:2      | Reached XP level 3. HP: 29/29 MP: 4/4
   969 | D:2      | HP: 6/29 [adder (3)]
   972 | D:2      | HP: 2/29 [poisoned by an adder]
   972 | D:2      | Slain by an adder

Vault maps used:
D:1:      eino_arrival_cavern_a, minmay_stone_trees_small

Skill      XL: |  1  2 |
---------------+-------+-----
Maces & Flails | 2 3 |  3.2
Fighting       | |  3.0
Armour         | |  1.7
Dodging        | |  0.8
Invocations    | |  2.4

Action                   || total
-------------------------++-------
Melee: Mace              ||    99
  Use: Potion            ||     1
Armor: Ring mail         ||    39
Dodge: Dodged            ||    66

Table legend:
 A = Turns spent in this place as a percentage of turns spent in the entire game.
 B = Non-inter-level travel turns spent in this place as a percentage of non-inter-level travel turns spent in the entire game.
 C = Inter-level travel turns spent in this place as a percentage of turns spent in this place.
 D = Turns resting spent in this place as a percentage of non-inter-level travel turns spent in this place.
 E = Turns spent auto-exploring this place as a percentage of non-inter-level travel turns spent in this place.
 F = Non-inter-level travel turns spent in this place divided by the number of levels of this place that you've seen.
                   A       B       C       D       E      F
               +-------+-------+-------+-------+-------+----------------------
         Total | 100.0 | 100.0 |   0.3 |   0.0 |   8.9 | 116.7
       Dungeon |  96.0 |  96.0 |   0.3 |   0.0 |   9.2 | 168.0
         Abyss |   4.0 |   4.0 |   0.0 |   0.0 |   0.0 |  14.0
               +-------+-------+-------+-------+-------+----------------------

Vault maps used:
D:1:      eino_arrival_cavern_a, minmay_stone_trees_small
